[Event "fics rated crazyhouse match"]
[Site "fics, Oklahoma City, OK USA"]
[Date "2000.12.23"]
[White "Blackcomb"]
[WhiteElo "2192"]
[Black "Thufir"]
[BlackElo "2318"]
[TimeControl "60+0"]
[Result "0-1"]

1. e4 e6 2. Nc3 Nc6 3. d4 Bb4 4. a3 Ba5 5. Nf3 Nf6 6. Bd3 
d5 7. e5 Ne4 8. O-O Bxc3 9. bxc3 Nxc3 10. Bg5 Qd7 11. Qe1 P@e4 
12. Qxc3 exf3 13. N@h5 fxg2 14. Nxg7+ Kf8 15. Bh6 N@h3+ 16. Kxg2 N@f4+ 17. Kf3 
P@e4+ 18. Ke3 exd3 19. Nxe6+ Ke8 20. Ng7+ Kd8 21. B@g5+ B@e7 22. Bxe7+ Nxe7 
23. P@f6 Nf5+ 24. Nxf5 Qxf5 25. P@e7+ Kd7 26. N@c5+ Ke8 27. Bxf4 Qxf4+ 28. Kxd3 
B@e4+ 29. Nxe4 dxe4+ 30. Kc4 Be6+ 31. d5 N@b6+ 32. Kb3 Bxd5+ 33. P@c4 B@a4+ 
34. Ka2 Bxc4+ 35. Qxc4 Nxc4 36. N@g7+ Kd7 
{Blackcomb forfeits on time} 0-1

[Event "fics rated crazyhouse match"]
[Site "fics, Oklahoma City, OK USA"]
[Date "2000.12.23"]
[White "Thufir"]
[WhiteElo "2323"]
[Black "Blackcomb"]
[BlackElo "2187"]
[TimeControl "60+0"]
[Result "1-0"]

1. e4 e6 2. d4 d5 3. exd5 exd5 4. Nc3 Nf6 5. Bb5+ c6 6. Qe2+ 
P@e4 7. P@e5 Nfd7 8. Ba4 Nb6 9. Bb3 Be7 10. f3 O-O 11. fxe4 dxe4 
12. Qxe4 P@c4 13. P@f6 Bxf6 14. exf6 Qxf6 15. B@e5 P@f2+ 16. Kd2 cxb3 17. Bxf6 
Nc4+ 18. Ke2 fxg1=N+ 19. Rxg1 Bg4+ 20. P@f3 B@g6 21. Qxg4 P@d3+ 22. cxd3 Bxd3+ 
23. Kxd3 Nxb2+ 24. Bxb2 N@b4+ 25. Ke2 P@d3+ 26. Kf2 P@g6 27. N@h6+ Kh8 28. Q@g8+ 
Rxg8 29. Nxf7# 
{Blackcomb checkmated} 1-0

[Event "fics rated crazyhouse match"]
[Site "fics, Oklahoma City, OK USA"]
[Date "2000.12.23"]
[White "Blackcomb"]
[WhiteElo "2182"]
[Black "Thufir"]
[BlackElo "2328"]
[TimeControl "60+0"]
[Result "0-1"]

1. e4 e6 2. Nc3 Nc6 3. d3 Nf6 4. Nf3 d5 5. Be2 dxe4 6. dxe4 
Qxd1+ 7. Kxd1 P@d4 8. P@e5 dxc3 9. exf6 cxb2 10. Bxb2 N@a4 11. Q@b3 Nxb2+ 
12. Qxb2 gxf6 13. N@h5 P@g7 14. P@h6 B@a3 15. hxg7 Bxb2 16. gxh8=Q Q@d6+ 17. R@d3 
P@d4 18. Ng7+ Kd8 19. N@c4 Bxa1 20. Nxd6 R@b1+ 21. Kd2 Q@b4+ 22. c3 Bxc3+ 
23. Rxc3 Qxc3# 
{Blackcomb checkmated} 0-1

[Event "fics rated crazyhouse match"]
[Site "fics, Oklahoma City, OK USA"]
[Date "2000.12.23"]
[White "Thufir"]
[WhiteElo "2333"]
[Black "Blackcomb"]
[BlackElo "2177"]
[TimeControl "60+0"]
[Result "1-0"]

1. e4 e6 2. d4 d5 3. exd5 exd5 4. Nc3 Bb4 5. Bb5+ c6 6. Qe2+ 
P@e4 7. Bf4 Qe7 8. P@c7 Na6 9. Bxa6 bxa6 10. N@h5 B@f6 11. Nxf6+ Nxf6 
12. B@d8 Qd7 13. Bxf6 gxf6 14. N@g7+ Kf8 15. Bh6 Kg8 16. Nh5 N@f5 17. Nxf6# 
{Blackcomb checkmated} 1-0

[Event "fics rated crazyhouse match"]
[Site "fics, Oklahoma City, OK USA"]
[Date "2000.12.23"]
[White "Blackcomb"]
[WhiteElo "2172"]
[Black "Thufir"]
[BlackElo "2338"]
[TimeControl "60+0"]
[Result "1-0"]

1. e4 e6 2. Nc3 Nc6 3. d4 Nf6 4. e5 Nd5 5. Nxd5 exd5 6. Nf3 
d6 7. Bb5 Bg4 8. Qe2 dxe5 9. dxe5 P@e4 10. P@a6 Bxf3 11. gxf3 N@d4 
12. axb7 Rb8 13. Bxc6+ Nxc6 14. B@b5 N@d4 15. Bxc6+ Nxc6 16. fxe4 dxe4 17. Qxe4 
B@d5 18. Qe2 Bxh1 19. N@h5 B@f3 20. N@f6+ gxf6 21. Nxf6+ Ke7 22. N@f5+ Ke6 
23. P@d5+ Kxf5 24. P@g4+ Kg6 25. P@h5+ Kg7 26. P@h6# 
{Thufir checkmated} 1-0

[Event "fics rated crazyhouse match"]
[Site "fics, Oklahoma City, OK USA"]
[Date "2000.12.23"]
[White "Thufir"]
[WhiteElo "2326"]
[Black "Blackcomb"]
[BlackElo "2184"]
[TimeControl "60+0"]
[Result "1-0"]

1. e4 e6 2. d4 Nc6 3. Nf3 Nf6 4. e5 Nd5 5. Be2 d6 6. O-O 
Be7 7. c4 O-O 8. exd6 Bxd6 9. cxd5 exd5 10. P@e5 Be7 11. Nc3 P@e4 
12. Ne1 P@h3 13. gxh3 Bxh3 14. N@f4 Bxf1 15. Bxf1 P@f3 16. Ncxd5 Nxd4 17. Qxd4 
P@e2 18. Qxe4 exf1=Q+ 19. Kxf1 R@h1+ 20. N@g1 Qxd5 21. Qxd5 B@e2+ 22. Nxe2 fxe2+ 
23. Kxe2 Rxg1 24. B@g3 Rxe1+ 25. Kxe1 N@b4 26. Qe4 N@c2+ 27. Kf1 Nxa1 28. B@d3 
R@d1+ 29. R@e1 Nxd3 30. Rxd1 N@c5 31. Qg4 B@g5 32. Bxg5 Bxg5 33. Qxg5 
{Blackcomb forfeits on time} 1-0

[Event "fics rated crazyhouse match"]
[Site "fics, Oklahoma City, OK USA"]
[Date "2000.12.23"]
[White "Blackcomb"]
[WhiteElo "2179"]
[Black "Thufir"]
[BlackElo "2331"]
[TimeControl "60+0"]
[Result "0-1"]

1. e4 e6 2. Nc3 d6 3. d4 Be7 4. Nf3 Nf6 5. Be2 Nc6 6. O-O 
e5 7. dxe5 Nxe5 8. Nxe5 dxe5 9. N@f5 Bxf5 10. exf5 P@d4 11. P@e6 fxe6 
12. fxe6 O-O 13. B@f7+ Kh8 14. P@h6 gxh6 15. Bxh6 N@f5 16. P@g7+ Nxg7 17. Bxg7+ 
Kxg7 18. N@f5+ Kh8 19. Qxd4 P@g7 20. Qxe5 B@d6 21. Nxd6 cxd6 22. Qg3 N@f5 
23. P@h6 Nxg3 24. hxg7+ Kxg7 25. hxg3 P@h2+ 26. Kh1 Rxf7 27. N@f5+ Kf8 28. B@h6+ 
P@g7 29. exf7 gxh6 30. P@g7+ Kxf7 31. R@f8+ Bxf8 32. gxf8=Q+ Qxf8 33. P@g7 R@g1+ 
34. Rxg1 hxg1=Q+ 35. Kxg1 B@h2+ 36. Kxh2 N@g4# 
{Blackcomb forfeits on time} 0-1

[Event "fics rated crazyhouse match"]
[Site "fics, Oklahoma City, OK USA"]
[Date "2000.12.23"]
[White "Thufir"]
[WhiteElo "2336"]
[Black "Blackcomb"]
[BlackElo "2174"]
[TimeControl "60+0"]
[Result "1-0"]

1. e4 e6 2. d4 Nc6 3. Nf3 d5 4. e5 Nge7 5. Bg5 Qd7 6. Bb5 
Nf5 7. Nc3 a6 8. Bxc6 bxc6 9. O-O B@e7 10. Be3 Nxe3 11. fxe3 B@h5 
12. N@g3 Bxf3 13. Qxf3 N@h4 14. Qxf7+ Kd8 15. P@d6 cxd6 16. exd6 Bxd6 17. B@b6+ 
P@c7 18. Qxd7+ Bxd7 19. N@f7+ Ke7 20. Nxh8 P@f7 21. Rxf7+ Ke8 22. P@e5 cxb6 
23. exd6 Bxd6 24. R@g8+ B@f8 25. Rgxf8+ Bxf8 26. Rxf8+ Ke7 27. Rf7+ Kd6 28. B@e7+ 
Kc7 29. B@d6+ Kb7 30. Q@c7# 
{Blackcomb checkmated} 1-0

[Event "fics rated crazyhouse match"]
[Site "fics, Oklahoma City, OK USA"]
[Date "2000.12.23"]
[White "Blackcomb"]
[WhiteElo "2169"]
[Black "Thufir"]
[BlackElo "2341"]
[TimeControl "60+0"]
[Result "0-1"]

1. e4 e6 2. Nc3 d6 3. d4 Be7 4. Nf3 Nf6 5. Bd3 Nc6 6. O-O 
e5 7. dxe5 Nxe5 8. Nxe5 dxe5 9. P@g5 Ng4 10. Be2 P@h5 11. N@f5 Bxf5 
12. exf5 Bxg5 13. Bxg5 Qxg5 14. Bxg4 hxg4 15. Ne4 Qxf5 16. B@d7+ Qxd7 17. Qxd7+ 
Kxd7 18. Rad1+ B@d4 19. Rxd4+ exd4 20. Nc5+ Ke7 21. Q@d7+ Kf8 22. N@e6+ Kg8 
23. Qxf7+ Kxf7 24. Ng5+ Ke7 25. B@h4 B@f6 26. Nxh7 N@h3+ 27. Kh1 Bxh4 28. B@e5 
R@g1+ 29. Rxg1 Nxf2# 
{Blackcomb checkmated} 0-1

[Event "fics rated crazyhouse match"]
[Site "fics, Oklahoma City, OK USA"]
[Date "2000.12.23"]
[White "Thufir"]
[WhiteElo "2345"]
[Black "Blackcomb"]
[BlackElo "2165"]
[TimeControl "60+0"]
[Result "1-0"]

1. e4 e6 2. d4 d5 3. exd5 exd5 4. Nc3 Nc6 5. Bb5 Bb4 6. Qe2+ 
P@e4 7. P@a6 Nf6 8. axb7 Bxb7 9. P@a6 Bxa6 10. Bxc6+ P@d7 11. Qxa6 dxc6 
12. Qxc6+ B@d7 13. Qa6 O-O 14. P@e5 Bxc3+ 15. bxc3 Ng4 16. Qe2 Rb8 17. B@g5 
f6 18. Bh4 Bb5 19. Qxg4 Bd7 20. N@h6+ Kh8 21. N@f7+ Rxf7 22. Nxf7+ Kg8 
23. e6 Qe7 24. R@h8# 
{Blackcomb checkmated} 1-0

[Event "fics rated crazyhouse match"]
[Site "fics, Oklahoma City, OK USA"]
[Date "2000.12.23"]
[White "Blackcomb"]
[WhiteElo "2161"]
[Black "Thufir"]
[BlackElo "2349"]
[TimeControl "60+0"]
[Result "0-1"]

1. e4 e6 2. Nc3 d6 3. d4 Be7 4. Nf3 Nf6 5. Be2 Nc6 6. O-O 
O-O 7. Bg5 Ng4 8. Bxe7 Qxe7 9. B@h4 f6 10. h3 Nh6 11. e5 dxe5 
12. dxe5 P@g5 13. exf6 gxf6 14. Bxg5 fxg5 15. P@e5 P@g7 16. P@f6 gxf6 17. exf6 
Qxf6 18. P@e5 Qg6 19. P@f6 P@e4 20. Nxe4 Qxe4 21. Bd3 Qf4 22. P@g3 Qb4 
23. Nxg5 P@f5 24. P@f7+ Nxf7 25. Nxf7 Kxf7 26. N@g5+ Ke8 27. f7+ Kd8 28. Qh5 
Nxe5 29. Qxh7 B@f6 30. P@g7 Rxf7 31. Nxf7+ Nxf7 32. g8=Q+ B@e8 33. Qgxf7 P@e7 
{Blackcomb forfeits on time} 0-1

[Event "fics rated crazyhouse match"]
[Site "fics, Oklahoma City, OK USA"]
[Date "2000.12.23"]
[White "Thufir"]
[WhiteElo "2353"]
[Black "Blackcomb"]
[BlackElo "2157"]
[TimeControl "60+0"]
[Result "1-0"]

1. e4 e6 2. d4 Nc6 3. Nf3 Nf6 4. e5 Nd5 5. Be2 d6 6. O-O 
Be7 7. exd6 cxd6 8. c4 Nb6 9. Be3 O-O 10. Nc3 f5 11. d5 Ne5 
12. Nxe5 dxe5 13. P@h6 gxh6 14. Bxh6 f4 15. dxe6 Bxe6 16. Qxd8 P@g7 17. Qxe7 
N@g6 18. Qxe6+ P@f7 19. N@e7+ Nxe7 20. Qxe7 N@g6 21. N@f6+ Kh8 22. Bxg7+ Kxg7 
23. Nh5+ Kh6 24. B@g7# 
{Blackcomb checkmated} 1-0

[Event "fics rated crazyhouse match"]
[Site "fics, Oklahoma City, OK USA"]
[Date "2000.12.23"]
[White "Blackcomb"]
[WhiteElo "2153"]
[Black "Thufir"]
[BlackElo "2357"]
[TimeControl "60+0"]
[Result "1-0"]

1. e4 e6 2. Nc3 Nc6 3. d4 Nf6 4. e5 Nd5 5. Nxd5 exd5 6. Nf3 
d6 7. Bb5 Bg4 8. Qe2 dxe5 9. dxe5 P@e4 10. P@a6 Bxf3 11. gxf3 N@d4 
12. axb7 Nxe2 13. Bxc6+ N@d7 14. bxa8=Q Qxa8 15. Bxa8 Nxc1 16. Rxc1 exf3 17. B@d3 
P@e2 18. N@e3 B@f4 19. Bxd5 Bxe5 20. Bxf7+ Kxf7 21. N@g5+ Ke7 22. Q@e6+ Kd8 
23. R@e8# 
{Thufir checkmated} 1-0

[Event "fics rated crazyhouse match"]
[Site "fics, Oklahoma City, OK USA"]
[Date "2000.12.23"]
[White "Thufir"]
[WhiteElo "2345"]
[Black "Blackcomb"]
[BlackElo "2165"]
[TimeControl "60+0"]
[Result "0-1"]

1. e4 e6 2. d4 Nc6 3. Nf3 Nf6 4. e5 Ne4 5. Be3 d6 6. exd6 
Bxd6 7. Bd3 f5 8. P@e5 Be7 9. Nbd2 Nxd2 10. Bxd2 P@e4 11. N@h5 exf3 
12. Nxg7+ Kf7 13. Nh5 fxg2 14. Rg1 Nxd4 15. Rxg2 N@f3+ 16. Kf1 P@h3 17. Rg7+ 
Ke8 18. P@f7+ Kd7 19. Bb5+ c6 20. Nf4 P@g2+ 21. Nxg2 hxg2+ 22. Rxg2 cxb5 
23. Bg5 B@h3 24. P@e3 Bxg2+ 25. Kxg2 Bxg5 26. exd4 N@f4+ 27. Kf1 B@g2# 
{Thufir checkmated} 0-1

[Event "fics rated crazyhouse match"]
[Site "fics, Oklahoma City, OK USA"]
[Date "2000.12.23"]
[White "Blackcomb"]
[WhiteElo "2177"]
[Black "Thufir"]
[BlackElo "2333"]
[TimeControl "60+0"]
[Result "0-1"]

1. e4 e6 2. Nc3 Nc6 3. d4 d5 4. e5 Qd7 5. Nh3 f6 6. exf6 
gxf6 7. Be2 Nh6 8. O-O Nf5 9. Be3 Rg8 10. P@g3 P@e4 11. Qd2 Qf7 
12. f3 exf3 13. Bxf3 P@e4 14. Be2 Bd7 15. P@g4 Nxe3 16. Qxe3 Nxd4 17. Qxd4 
B@c5 18. Qxc5 Bxc5+ 19. B@f2 e3 20. Be1 P@f2+ 21. Nxf2 exf2+ 22. Bxf2 Bxf2+ 
23. Rxf2 B@e3 24. B@e1 N@e4 25. Nxe4 dxe4 26. P@d2 Bxf2+ 27. Bxf2 N@e5 28. N@h6 
Nxg4 29. Nxf7 R@h1+ 30. Kxh1 Nxf2+ 31. Kg1 B@c5 32. Nd6+ cxd6 33. P@f7+ Ke7 
34. B@e3 N@h3+ 35. gxh3 Nxh3+ 36. Kg2 Bxe3 37. fxg8=N+ Rxg8 38. N@f5+ exf5 39. N@d5+ 
Ke6 40. Q@e7+ Kxd5 41. R@d3+ Kc6 42. N@b4+ Kb5 43. R@a5+ Kxa5 
{Blackcomb forfeits on time} 0-1

[Event "fics rated crazyhouse match"]
[Site "fics, Oklahoma City, OK USA"]
[Date "2000.12.23"]
[White "Thufir"]
[WhiteElo "2338"]
[Black "Blackcomb"]
[BlackElo "2172"]
[TimeControl "60+0"]
[Result "1-0"]

1. e4 e6 2. d4 Nc6 3. Nc3 Nf6 4. Nf3 d5 5. e5 Ne4 6. Bd3 
Nxc3 7. bxc3 N@e4 8. Bd2 Be7 9. N@h5 Rg8 10. O-O Nxd2 11. Bxh7 B@e4 
12. Bxe4 dxe4 13. Nxd2 B@g6 14. P@h7 Bxh7 15. B@b5 P@g6 16. Ng3 Bd7 17. Ndxe4 
Nxe5 18. Bxd7+ Nxd7 19. P@e5 B@c6 20. B@f3 P@f5 21. Nd2 Bxf3 22. Nxf3 B@c6 
23. B@e2 g5 24. N@h5 g4 25. Nd2 Bg6 26. Nf4 Bh7 27. f3 Nb6 28. fxg4 
fxg4 29. Bxg4 Bxg2 30. Nxg2 Nd5 31. Bxe6 fxe6 32. P@f7+ Kd7 33. fxg8=Q Qxg8 
34. B@f7 Qxf7 35. Rxf7 P@e3 36. Nde4 P@f2+ 37. Kh1 P@h3 38. Q@f3 Bxe4 39. Nxe4 
hxg2+ 40. Kxg2 N@h4+ 41. Kh3 Nxf3 42. Nc5+ Kc6 43. B@d7+ Kb6 44. R@b5# 
{Blackcomb checkmated} 1-0

[Event "fics rated crazyhouse match"]
[Site "fics, Oklahoma City, OK USA"]
[Date "2000.12.23"]
[White "Blackcomb"]
[WhiteElo "2168"]
[Black "Thufir"]
[BlackElo "2342"]
[TimeControl "60+0"]
[Result "1-0"]

1. e4 e6 2. Nc3 Nc6 3. d4 Bb4 4. a3 Ba5 5. Nf3 Nf6 6. Bd3 
d5 7. e5 Ne4 8. O-O Bxc3 9. bxc3 Nxc3 10. Qe1 N@e4 11. Bxe4 Nxe4 
12. B@g5 Nxg5 13. Bxg5 P@e7 14. N@h5 Rg8 15. Rb1 B@g4 16. Nxg7+ Rxg7 17. P@f6 
Rg8 18. fxe7 Nxe7 19. N@f6+ Kf8 20. Nxh7+ Kg7 21. P@f6+ Kxh7 22. fxe7 N@h3+ 
23. gxh3 Bxf3 24. N@f6+ Kh8 25. Nxg8 Qxg8 26. R@f8 Be4 27. Rxg8+ Kxg8 28. e8=Q+ 
N@f8 29. N@f6+ Kg7 30. Q@g8# 
{Thufir checkmated} 1-0

[Event "fics rated crazyhouse match"]
[Site "fics, Oklahoma City, OK USA"]
[Date "2000.12.23"]
[White "Thufir"]
[WhiteElo "2330"]
[Black "Blackcomb"]
[BlackElo "2180"]
[TimeControl "60+0"]
[Result "1-0"]

1. e4 e6 2. d4 d5 3. Nf3 dxe4 4. Ne5 Be7 5. Nc3 P@f6 6. Ng4 
Nc6 7. Bb5 Bd7 8. Nxe4 Nxd4 9. Bxd7+ Qxd7 10. P@h6 Nxh6 11. Bxh6 gxh6 
12. Ngxf6+ Bxf6 13. Nxf6+ Kd8 14. Nxd7 P@e2 15. Qxd4 B@a5+ 16. B@c3 Bxc3+ 17. bxc3 
B@d6 18. Qxh8+ B@f8 19. Nxf8 Ke7 20. B@f6# 
{Blackcomb resigns} 1-0

[Event "fics rated crazyhouse match"]
[Site "fics, Oklahoma City, OK USA"]
[Date "2000.12.23"]
[White "Blackcomb"]
[WhiteElo "2175"]
[Black "Thufir"]
[BlackElo "2335"]
[TimeControl "60+0"]
[Result "1-0"]

1. e4 e6 2. Nc3 d6 3. d4 Be7 4. Nf3 Nf6 5. Be2 Nc6 6. O-O 
O-O 7. e5 Ng4 8. exd6 cxd6 9. P@h3 Nf6 10. Bg5 h6 11. Bxf6 Bxf6 
12. N@e4 Be7 13. d5 exd5 14. Nxd5 B@e6 15. Nxe7+ Nxe7 16. P@f6 gxf6 17. Nxf6+ 
Kg7 18. Nh5+ Kh7 19. P@g5 P@g6 20. gxh6 gxh5 21. Ng5+ Kxh6 22. Bxh5 P@g4 
23. hxg4 N@f4 24. B@e3 N@e2+ 25. Kh1 Bxg4 26. Bxg4 Bxg4 27. Bxf4 Nxf4 28. Qxg4 
B@e5 29. N@f5+ Nxf5 30. Qxf5 B@g6 31. N@g4+ Kg7 32. P@h6+ Kh8 33. P@g7+ Bxg7 
34. hxg7+ Kxg7 35. P@h6+ Kg8 36. Nf6+ Qxf6 37. Qxf6 P@g7 38. Qxg7# 
{Thufir checkmated} 1-0

[Event "fics rated crazyhouse match"]
[Site "fics, Oklahoma City, OK USA"]
[Date "2000.12.23"]
[White "Thufir"]
[WhiteElo "2324"]
[Black "Blackcomb"]
[BlackElo "2186"]
[TimeControl "60+0"]
[Result "1-0"]

1. e4 e6 2. d4 Nc6 3. Nf3 d5 4. e5 Ke7 5. Bg5+ f6 6. exf6+ 
gxf6 7. Bh4 Ke8 8. P@e5 Be7 9. exf6 Bxf6 10. Bxf6 Nxf6 11. B@g5 B@e7 
12. P@e5 Rg8 13. exf6 Bxf6 14. Bxf6 Qxf6 15. N@h5 Qf7 16. Ne5 Nxe5 17. dxe5 
B@g4 18. N@f6+ Kd8 19. Nxg4 Qxh5 20. B@f6+ P@e7 21. B@f3 exf6 22. Nxf6 Qf7 
23. Nxg8 Qxg8 24. P@f5 exf5 25. Bxd5 B@a5+ 26. Nc3 P@e6 27. Bxe6+ Ke7 28. Bxg8 
{Blackcomb resigns} 1-0

[Event "fics rated crazyhouse match"]
[Site "fics, Oklahoma City, OK USA"]
[Date "2000.12.23"]
[White "Blackcomb"]
[WhiteElo "2181"]
[Black "Thufir"]
[BlackElo "2329"]
[TimeControl "60+0"]
[Result "1-0"]

1. e4 e6 2. Nc3 Nc6 3. d4 Nf6 4. e5 Nd5 5. Nxd5 exd5 6. Nf3 
d6 7. Bb5 Bg4 8. Qe2 Bxf3 9. Qxf3 dxe5 10. N@g5 P@f6 11. Nxf7 Kxf7 
12. Bxc6 bxc6 13. N@g5+ Ke8 14. P@f7+ Ke7 15. dxe5 fxg5 16. Bxg5+ B@f6 17. Bxf6+ 
gxf6 18. Qxf6+ Kd7 19. B@e6# 
{Thufir checkmated} 1-0

[Event "fics rated crazyhouse match"]
[Site "fics, Oklahoma City, OK USA"]
[Date "2000.12.23"]
[White "Thufir"]
[WhiteElo "2318"]
[Black "Blackcomb"]
[BlackElo "2192"]
[TimeControl "60+0"]
[Result "1-0"]

1. e4 e6 2. d4 d5 3. exd5 exd5 4. Nc3 Nc6 5. Bb5 Bb4 6. Qe2+ 
P@e4 7. Bxc6+ bxc6 8. N@e5 B@b5 9. P@d3 Nf6 10. Bd2 Bxc3 11. bxc3 O-O 
12. a4 exd3 13. Nxd3 Bxd3 14. Qxd3 P@c4 15. Qe2 Re8 16. P@e5 Ne4 17. B@g5 
Nxg5 18. B@f6 gxf6 19. Bxg5 fxg5 20. N@h6+ Kg7 21. Ng4 N@f4 22. Qf3 Bxg4 
23. Qxg4 B@h5 24. Qf5 B@g6 25. B@f6+ Kg8 26. Bxd8 Bxf5 27. Bf6 Nxg2+ 28. Kf1 
P@e2+ 29. Nxe2 Bxe2+ 30. Kg1 
{Blackcomb forfeits on time} 1-0

[Event "fics rated crazyhouse match"]
[Site "fics, Oklahoma City, OK USA"]
[Date "2000.12.23"]
[White "Blackcomb"]
[WhiteElo "2187"]
[Black "Thufir"]
[BlackElo "2323"]
[TimeControl "60+0"]
[Result "1-0"]

1. e4 e6 2. Nc3 Nf6 3. e5 Nd5 4. Nxd5 exd5 5. d4 d6 6. Nf3 
dxe5 7. Bb5+ P@c6 8. Nxe5 cxb5 9. Nxf7 Kxf7 10. N@e5+ Ke8 11. Qh5+ N@g6 
12. Nxg6 hxg6 13. Qxh8 Qe7+ 14. N@e5 B@f5 15. P@f7+ Kd8 16. R@e8+ Qxe8 17. fxe8=Q+ 
Kxe8 18. Q@f7+ Kd8 19. Qhxf8# 
{Thufir resigns} 1-0

[Event "fics rated crazyhouse match"]
[Site "fics, Oklahoma City, OK USA"]
[Date "2000.12.23"]
[White "Thufir"]
[WhiteElo "2312"]
[Black "Blackcomb"]
[BlackElo "2198"]
[TimeControl "60+0"]
[Result "1-0"]

1. e4 e6 2. d4 d5 3. Nc3 dxe4 4. Nxe4 Nf6 5. Ng3 Nc6 6. Nf3 
P@g4 7. P@e5 gxf3 8. exf6 gxf6 9. N@h5 P@g7 10. gxf3 Nxd4 11. Be3 Nc6 
12. P@h6 Rg8 13. hxg7 Bxg7 14. Nxg7+ Rxg7 15. Bh6 P@d2+ 16. Qxd2 Qxd2+ 17. Bxd2 
Nd4 18. B@a4+ P@c6 19. Q@h8+ Q@g8 20. Qxg8+ Rxg8 21. Q@b4 Q@d6 22. Qxd6 cxd6 
23. P@g2 N@c5 24. P@c3 Nxa4 25. cxd4 B@b6 26. N@h6 Nxb2 27. Nxg8 Q@f8 28. Nxf6+ 
Kd8 29. P@g7 P@e7 30. gxf8=Q# 
{Blackcomb resigns} 1-0

[Event "fics rated crazyhouse match"]
[Site "fics, Oklahoma City, OK USA"]
[Date "2000.12.23"]
[White "Blackcomb"]
[WhiteElo "2193"]
[Black "Thufir"]
[BlackElo "2317"]
[TimeControl "60+0"]
[Result "1-0"]

1. e4 e6 2. Nc3 Nc6 3. d4 Bb4 4. a3 Ba5 5. Nf3 Nf6 6. e5 
Ne4 7. Bd3 d5 8. O-O Bxc3 9. bxc3 Nxc3 10. Bg5 Qd7 11. Qe1 P@e4 
12. Qxc3 exf3 13. N@c5 fxg2 14. Nxd7 N@e3 15. fxe3 N@h3+ 16. Kxg2 Nxg5 17. N@f6+ 
gxf6 18. Nxf6+ Kd8 19. Qxc6 B@h3+ 20. Kf2 bxc6 21. P@e7+ Kxe7 22. B@c5+ P@d6 
23. exd6+ cxd6 24. Bxd6+ Kxd6 25. P@e5+ Kc7 26. P@d6+ Kb6 27. Q@c5+ Kb7 28. N@a5+ 
Kb8 29. P@c7# 
{Thufir checkmated} 1-0

[Event "fics rated crazyhouse match"]
[Site "fics, Oklahoma City, OK USA"]
[Date "2000.12.23"]
[White "Thufir"]
[WhiteElo "2306"]
[Black "Blackcomb"]
[BlackElo "2204"]
[TimeControl "60+0"]
[Result "1-0"]

1. e4 e6 2. d4 Nc6 3. Nc3 d5 4. e5 Nge7 5. Bg5 Qd7 6. Bxe7 
Bxe7 7. Nh3 O-O 8. Be2 f6 9. exf6 Bxf6 10. P@e5 Be7 11. O-O B@f5 
12. Nf4 P@g5 13. Nh5 Bg6 14. Nxg7 Kxg7 15. P@f6+ Bxf6 16. exf6+ Rxf6 17. B@e5 
Nxe5 18. dxe5 Rf7 19. N@f6 Qe7 20. N@h5+ Bxh5 21. Nxh5+ Kg8 22. B@f6 Rxf6 
23. exf6 Qf7 24. R@g7+ Qxg7 25. fxg7 N@g6 26. Q@e8+ B@f8 27. gxf8=Q+ Nxf8 28. B@f7# 
{Blackcomb resigns} 1-0

[Event "fics rated crazyhouse match"]
[Site "fics, Oklahoma City, OK USA"]
[Date "2000.12.23"]
[White "Blackcomb"]
[WhiteElo "2198"]
[Black "Thufir"]
[BlackElo "2312"]
[TimeControl "60+0"]
[Result "1-0"]

1. e4 e6 2. Nc3 b6 3. d4 Bb7 4. Bd3 Nf6 5. Nf3 Bb4 6. Qe2 
d5 7. e5 Ng4 8. Bd2 Nxf2 9. Qxf2 Bxc3 10. bxc3 P@e4 11. Ng5 Qd7 
12. Nxf7 Qxf7 13. Qxf7+ Kxf7 14. N@g5+ Ke7 15. Q@f7+ Kd8 16. Nxe6+ Kc8 17. Qxc7# 
{Thufir checkmated} 1-0

[Event "fics rated crazyhouse match"]
[Site "fics, Oklahoma City, OK USA"]
[Date "2000.12.23"]
[White "Thufir"]
[WhiteElo "2301"]
[Black "Blackcomb"]
[BlackElo "2209"]
[TimeControl "60+0"]
[Result "1-0"]

1. e4 e6 2. d4 Nc6 3. Nf3 Nf6 4. e5 Ne4 5. Be3 d6 6. exd6 
Bxd6 7. P@e5 Be7 8. Bd3 f5 9. exf6 Nxf6 10. P@e5 Nd5 11. O-O O-O 
12. c4 Nxe3 13. fxe3 B@f5 14. Bxf5 exf5 15. d5 B@h5 16. dxc6 bxc6 17. Nc3 
P@e4 18. Qxd8 Bxd8 19. Ne1 P@f3 20. gxf3 exf3 21. Nxf3 Bxf3 22. Rxf3 P@g4 
23. P@f6 Bxf6 24. exf6 Rxf6 25. Q@e8+ Q@f8 26. N@e7+ Kh8 27. N@g6+ hxg6 28. Nxg6+ 
Rxg6 29. Qxf8+ N@g8 30. P@f7 
{Blackcomb forfeits on time} 1-0

[Event "fics rated crazyhouse match"]
[Site "fics, Oklahoma City, OK USA"]
[Date "2000.12.23"]
[White "Blackcomb"]
[WhiteElo "2203"]
[Black "Thufir"]
[BlackElo "2307"]
[TimeControl "60+0"]
[Result "1-0"]

1. e4 e6 2. Nc3 Nc6 3. d4 Nf6 4. e5 Nd5 5. Nxd5 exd5 6. Bb5 
d6 7. Qe2 dxe5 8. Qxe5+ Be7 9. N@h5 P@f6 10. Nxg7+ Kf8 11. Qe2 Nxd4 
12. Bh6 Nxe2 13. Bxe2 Kg8 14. Nh5 P@g7 15. Bxg7 N@f5 16. N@h6+ Nxh6 17. Bxh6 
N@f5 18. P@g7 Nxg7 19. Bxg7 h6 20. Bxh8 Kxh8 21. P@g7+ Kh7 22. R@h8+ Kg6 
23. g8=Q+ Kf5 24. Qxd8 P@d2+ 25. Kxd2 B@g5+ 26. P@e3 Bxd8 27. Rxd8 Q@d4+ 28. P@d3 
Qb4+ 29. B@c3 Qe7 30. N@g7+ Kg6 31. N@f4+ Bxf4 32. Nxf4+ Kh7 33. Q@h8# 
{Thufir checkmated} 1-0

[Event "fics rated crazyhouse match"]
[Site "fics, Oklahoma City, OK USA"]
[Date "2000.12.23"]
[White "Blackcomb"]
[WhiteElo "2207"]
[Black "Thufir"]
[BlackElo "2303"]
[TimeControl "60+0"]
[Result "0-1"]

1. e4 e6 2. Nc3 Nf6 3. e5 Nd5 4. Nxd5 exd5 5. d4 Be7 6. Nf3 
d6 7. Bb5+ Bd7 8. Bxd7+ Qxd7 9. O-O B@g4 10. B@e2 O-O 11. h3 Bxf3 
12. Bxf3 dxe5 13. dxe5 P@e4 14. Bxe4 dxe4 15. Qxd7 Nxd7 16. P@h6 N@f3+ 17. gxf3 
exf3 18. N@f4 N@e2+ 19. Kh2 Nxf4 20. Q@g3 Q@g2+ 21. Qxg2 fxg2 22. Bxf4 N@f3+ 
23. Kxg2 Nh4+ 24. Kg3 Q@g2# 
{Blackcomb checkmated} 0-1

[Event "fics rated crazyhouse match"]
[Site "fics, Oklahoma City, OK USA"]
[Date "2000.12.23"]
[White "JiggaB"]
[WhiteElo "2336"]
[Black "Thufir"]
[BlackElo "2309"]
[TimeControl "60+0"]
[Result "0-1"]

1. e4 e6 2. Nc3 Nc6 3. Nf3 Bb4 4. Bb5 Nf6 5. e5 Ng4 6. Bxc6 
bxc6 7. d4 B@a5 8. Bd2 Ba6 9. N@h5 Rg8 10. Nxg7+ Rxg7 11. P@f6 Rg8 
12. h3 Nxf2 13. Kxf2 Bxc3 14. bxc3 N@e4+ 15. Ke3 N@d5+ 16. Kxe4 P@f5# 
{JiggaB checkmated} 0-1

[Event "fics rated crazyhouse match"]
[Site "fics, Oklahoma City, OK USA"]
[Date "2000.12.23"]
[White "Thufir"]
[WhiteElo "2318"]
[Black "JiggaB"]
[BlackElo "2327"]
[TimeControl "60+0"]
[Result "1-0"]

1. e4 e6 2. d4 Nc6 3. Nf3 Nf6 4. e5 Nd5 5. Be2 d6 6. O-O 
dxe5 7. c4 Nb6 8. Nxe5 Nxe5 9. dxe5 Bd7 10. P@h6 Bc6 11. hxg7 Bxg7 
12. P@d6 Bxe5 13. dxc7 Qxc7 14. P@f4 Bxf4 15. Bxf4 Qxf4 16. B@g3 Qf6 17. N@c7+ 
Kf8 18. Nxa8 B@e7 19. Nxb6 axb6 20. N@h5 Qg6 21. R@c8+ N@e8 22. Rxc6 bxc6 
23. B@d7 Rg8 24. Bxc6 N@f6 25. Bxe8 Nxe8 26. P@d7 Nf6 27. Nxf6 Qxf6 28. N@h5 
Qg6 29. d8=Q+ B@e8 30. N@d7# 
{JiggaB checkmated} 1-0

[Event "fics rated crazyhouse match"]
[Site "fics, Oklahoma City, OK USA"]
[Date "2000.12.23"]
[White "JiggaB"]
[WhiteElo "2319"]
[Black "Thufir"]
[BlackElo "2326"]
[TimeControl "60+0"]
[Result "1-0"]

1. d4 e6 2. Nf3 Nf6 3. Nc3 Nc6 4. Bg5 Bb4 5. Bxf6 Qxf6 6. e4 
Qg6 7. N@e5 Qxe4+ 8. Be2 B@a5 9. O-O Bxc3 10. bxc3 Bxc3 11. B@d3 Qf4 
12. Rb1 Nxd4 13. Nxd4 Bxd4 14. Nf3 N@c3 15. N@h5 Qg4 16. Nxd4 Qxd4 17. B@e3 
Nxd1 18. Bxd4 d6 19. Nxg7+ Kd8 20. Rbxd1 N@h4 21. Q@g5+ Q@e7 22. Bf6 N@d5 
23. Bxe7+ Nxe7 24. Qxh4 B@e5 25. f4 Bxg7 26. N@h5 Bd4+ 27. P@f2 N@f5 28. Bxf5 
P@g5 29. Qxg5 exf5 30. Rxd4 B@e6 31. B@f6 Kd7 32. Bxe7 c5 33. N@e5+ Kc7 
34. Q@a5+ b6 35. Bxd6+ Kb7 36. P@a6# 
{Thufir checkmated} 1-0